 Dungeon Crawl Stone Soup version 0.28.0-53-g5a82cb258f (webtiles) character file.

Game seed: 2376910781165147338

79 Sin92 the Skirmisher (level 4, -8/35 HPs)
             Began as a Demonspawn Fighter on July 5, 2022.
             Mangled by Sigmund
             ... wielding a +0 scythe of distortion
              (10 damage)
             ... on level 3 of the Dungeon.
             The game lasted 00:01:43 (2009 turns).

Sin92 the Skirmisher (Demonspawn Fighter)           Turns: 2009, Time: 00:01:44

Health: -8/35      AC: 11    Str: 18    XL:     4   Next: 16%
Magic:  5/5        EV:  6    Int:  9    God:
Gold:   116        SH:  4    Dex: 13    Spells: 5/5 levels left

rFire   . . .      SeeInvis .   a - +0 war axe
rCold   . . .      Faith    .   c - +0 buckler
rNeg    . . .      Spirit   .   j - +0 chain mail
rPois   .          Reflect  .   (no helmet)
rElec   .          Harm     .   (no cloak)
rCorr   .          Rampage  .   (no gloves)
Will    .....                   (no boots)
Stlth   ..........              (no amulet)
HPRegen 0.11/turn               (no ring)
MPRegen 0.09/turn               (no ring)

@: mighty
A: slimy green scales 1, weakness stinger 1
a: no special abilities


You were on level 3 of the Dungeon.
You visited 1 branch of the dungeon, and saw 3 of its levels.

You collected 116 gold pieces.

Inventory:

Hand Weapons
 a - a +0 war axe (weapon)
Armour
 b - a +0 scale mail
 c - a +0 buckler (worn)
 j - a +0 chain mail (worn)
Wands
 l - a wand of iceblast (8)
Scrolls
 e - a scroll of brand weapon {unknown}
 f - 2 scrolls of identify {unknown}
 g - a scroll of enchant weapon {unknown}
 k - a scroll of fog {unknown}
Potions
 h - a potion of ambrosia {unknown}
 i - a potion of heal wounds {unknown}
 m - a potion of degeneration {unknown}
 n - a potion of flight {unknown}


   Skills:
 + Level 3.4 Fighting
 + Level 2.4 Axes
 + Level 3.1 Armour
 + Level 3.1 Shields
 + Level 1.2 Spellcasting


You had 5 spell levels left.
You didn't know any spells.
Your spell library was empty.

Dungeon Overview and Level Annotations

Branches:
Dungeon (3/15)

Altars:
Qazlal
Yredelemnul

Annotations:
D:3 Sigmund


Innate Abilities, Weirdness & Mutations

You are partially covered in slimy green scales. (AC +2)
You have a small tail.


Message History

A rat is nearby!
A rat is nearby!
You slash the rat!
You kill the rat!
A goblin comes into view. It is wielding a +0 dagger.
The goblin shouts!
You block the goblin's attack.
A goblin is nearby!
You miss the goblin. The goblin hits you but does no damage.
A goblin is nearby!
You hit the goblin.
You kill the goblin!
Things that are here:
a +0 dagger; a goblin corpse No target in view!
Sigmund and a quokka come into view.
Sigmund is wielding a +0 scythe of distortion.
Found 3 gold pieces.
Sigmund moves out of view.
You feel very mighty all of a sudden.
The quokka bites you but does no damage.
The quokka barely misses you.
You slash the quokka!
You kill the quokka!
Sigmund gestures wildly while chanting.
Sigmund flickers and vanishes!
Deactivating autopickup; reactivate with Ctrl-A.
You see here a quokka corpse.
Something hits you but does no damage. Space warps around you.
You slash something! Something hits you but does no damage.
Space warps around you.
You barely miss something. Something hits you.
You blink.
There is a stormy altar of Qazlal here.
Something hits you! Space warps horribly around you!
* * * LOW HITPOINT WARNING * * *
Something hits you.
* * * LOW HITPOINT WARNING * * *
Space warps horribly around you.
* * * LOW HITPOINT WARNING * * *
You barely miss something.
Your tail-slap misses something.
Something hits you!
You die...

#..... #..# .#
...##.###..####.#
................#
............)..##
.........##.##..#
..........#.#...####
.....$..#.....#....#
#######.##...##....#
#..@._.......+
#†##...##....#
#.#.....#....#
#...#.#......#
#..##.##.....#
#.........####
#.###<#......[#
##########.........##..#
#.#
........######.....###.#
#.#


There were no monsters in sight!

Vanquished Creatures
  An adder (D:2)
  2 worms (D:2)
  A dart slug (D:2)
  3 endoplasms
  A giant cockroach (D:1)
  7 goblins
  10 hobgoblins
  5 jackals
  5 kobolds
  3 quokkas
  4 ball pythons (D:1)
  8 bats
  3 frilled lizards
  6 rats
59 creatures vanquished.

Notes
Turn   | Place    | Note
-------+----------+-------------------------------------------
     0 | D:1      | Sin92 the Demonspawn Fighter began the quest for the Orb.
     0 | D:1      | Reached XP level 1. HP: 18/18 MP: 1/1
   153 | D:1      | Found a faded altar of an unknown god.
   154 | D:1      | Noticed an eye of devastation
   159 | D:1      | Noticed an eye of devastation
   166 | D:1      | Gained mutation: You are partially covered in slimy green
                  | scales. (AC +2) [demonic ancestry]
   166 | D:1      | Reached XP level 2. HP: 20/24 MP: 2/2
   211 | D:1      | Noticed a shining eye
   211 | D:1      | Noticed a floating eye
   923 | D:1      | Gained mutation: You have a small tail. [demonic ancestry]
   923 | D:1      | Reached XP level 3. HP: 29/29 MP: 4/4
  1218 | D:2      | Reached skill level 1 in Spellcasting
  1567 | D:2      | Reached XP level 4. HP: 28/35 MP: 5/5
  1678 | D:3      | Found a stormy altar of Qazlal.
  1775 | D:3      | Found a basalt altar of Yredelemnul.
  1992 | D:3      | Noticed Sigmund
  2009 | D:3      | Mangled by Sigmund

Illustrated notes

Levels and vault maps discovered:
D:1:      dpeg_arrival_rooms_with_view, layout_loops_cross,
          hellmonk_ecumenical_altar_watching_god
D:2:      layout_basic, chequers_serial_rivers_large_a
D:3:      layout_basic, nicolae_overflow_crystal_walls,
          mainiacjoe_overflow_small_starburst, serial_shops,
          nicolae_square_shop, serial_aquarium, aquarium_bridge_square
          [aquarium_subvault_wall, aquarium_subvault_bridge,
          aquarium_subvault_wall, aquarium_subvault_balcony],
          aquarium_window_corridor_3, aquarium_window_1, aquarium_window_fake,
          aquarium_view_2b, aquarium_view_4, aquarium_pool_2, st_stairs_14,
          uniq_sigmund, uniq_jessica

Skill      XL: |  1  2  3 |
---------------+----------+-----
Axes           | 2 |  2.4
Armour         | 3 |  3.1
Shields        | 3 |  3.1
Spellcasting   | 1 |  1.2
Fighting       | |  3.4

Action                   |  1- 3 |  4- 6 || total
-------------------------+-------+-------++-------
Melee: War axe           |   145 |    27 ||   172
       Tailslap          |     9 |     2 ||    11
  Use: Potion            |       |     1 ||     1
Armor: Scale mail        |    71 |       ||    71
       Chain mail        |    31 |    24 ||    55
Dodge: Dodged            |    59 |     6 ||    65
Block: Buckler           |    34 |     6 ||    40
